 Dungeon Crawl Stone Soup version 0.21-a0-125-gb006224 (webtiles) character file.

362465 Argos the Imperceptible (level 21, -13/114 HPs)
             Began as a Spriggan Enchanter on July 11, 2017.
             Was the Champion of Dithmenos.
             Mangled by a deep elf blademaster
             ... wielding a +0 rapier
              (21 damage)
             ... on level 3 of the Elven Halls on July 14, 2017.
             The game lasted 03:08:00 (70243 turns).

Argos the Imperceptible (Spriggan Enchanter)       Turns: 70243, Time: 03:08:09

Health: -13/114    AC: 11    Str:  8    XL:     21   Next: 52%
Magic:  34/44      EV: 42    Int: 19    God:    Dithmenos [******]
Gold:   1897       SH:  4    Dex: 22    Spells: 25/57 levels left

rFire    + . .     SeeInvis +   a - +9 dagger
rCold    + . .     Gourm    .   (shield restricted)
rNeg     + . .     Faith    .   e - +2 robe {rC+ rF+}
rPois    .         Spirit   .   P - +2 hat {MR+}
rElec    .         Reflect  +   x - +2 cloak
rCorr    .         Harm     .   (gloves unavailable)
MR       +++++                  (boots unavailable)
Stlth    ++++++++++             R - +4 amulet of reflection
HPRegen  0.29/turn              Y - ring of Yjour {rN+ MR++ SInv}
MPRegen  0.29/turn              H - +4 ring of evasion

@: very slightly contaminated, wreathed by umbra, very quick
A: unfitting armour, talons 1, yellow scales 1, see invisible, clever 1,
herbivore 3, speed 3, slow metabolism 2
}: 2/15 runes: barnacled, gossamer
a: Shadow Step, Shadow Form, Renounce Religion


You were on level 3 of the Elven Halls.
You worshipped Dithmenos.
Dithmenos was exalted by your worship.
You were full.

You visited 9 branches of the dungeon, and saw 40 of its levels.
You also visited: Labyrinth.

You collected 4170 gold pieces.
You spent 2273 gold pieces at shops.

Inventory:

Hand Weapons
 a - a +9 dagger (weapon)
 j - the +7 dagger of Outrage {distort, SInv}
   (You found it on level 2 of the Depths)

   It warps and distorts space around it.
   Unwielding it can cause banishment or high damage.
   It lets you see invisible.
 y - a +0 short sword of electrocution
Missiles
 n - 10 throwing nets (quivered)
Armour
 e - a +2 robe of resistance (worn)
 f - a scarf of cloud immunity
 x - a +2 cloak (worn)
 P - a +2 hat of magic resistance (worn)
 Q - the -2 hat of the Alchemist {rElec rPois rF+ rC+ rN+ MR+ rMut rCorr}
   (You found it in a labyrinth)

   It protects you from fire.
   It protects you from cold.
   It insulates you from electricity.
   It protects you from poison.
   It protects you from negative energy.
   It affects your resistance to hostile enchantments.
   It protects you from acid and corrosion.
   It protects you from mutation.
Jewellery
 b - an uncursed ring of protection from fire
 c - an uncursed ring of protection from cold
 q - an uncursed ring of wizardry
 E - the amulet of Zanneep {rN+ Regen+ Str+4 Stlth-}
   (You took it off a deep elf high priest on level 3 of the Elven Halls)

   [amulet of regeneration]

   It affects your strength (+4).
   It protects you from negative energy.
   It increases your rate of regeneration.
   It makes you less stealthy.
 H - a +4 ring of evasion (right hand)
 R - a +4 amulet of reflection (around neck)
 U - an uncursed ring of protection from cold
 Y - the ring of Yjour (left hand) {rN+ MR++ SInv}
   (You found it on level 3 of the Lair of Beasts)

   [ring of see invisible]

   It protects you from negative energy.
   It affects your resistance to hostile enchantments.
   It lets you see invisible.
Wands
 v - a wand of iceblast (11/15)
 A - a wand of iceblast (3/15)
 B - a wand of acid (8/15)
 D - a wand of confusion (31/48)
 L - a wand of enslavement (24/24)
Scrolls
 h - 12 scrolls of remove curse
 m - 6 scrolls of fear
 p - 15 scrolls of teleportation
 C - 3 scrolls of magic mapping
 G - a scroll of blinking
 J - 10 scrolls of fog
 V - a scroll of recharging
 Z - 2 scrolls of identify
Potions
 i - a potion of cancellation
 k - 7 potions of magic
 l - 4 potions of resistance
 o - 2 potions of berserk rage
 r - 9 potions of lignification
 s - 2 potions of might
 t - 9 potions of curing
 w - a potion of invisibility
 z - 6 potions of flight
 I - 2 potions of brilliance
 M - 2 potions of ambrosia
 S - a potion of mutation
 T - 3 potions of agility
Books
 g - a book of Minor Magic

   Spells                             Type                      Level
   a - Magic Dart                     Conjuration                  1
   b - Blink                          Translocation                2
   c - Call Imp                       Summoning                    2
   d - Slow                           Hexes                        2
   e - Conjure Flame                  Conjuration/Fire             3
   f - Mephitic Cloud                 Conjuration/Poison/Air       3
Comestibles
 d - 13 bread rations


   Skills:
 + Level 13.4 Fighting
 - Level 14.0 Short Blades
 + Level 21.1 Dodging
 + Level 24.5 Stealth
 + Level 18.9 Spellcasting
 + Level 18.8 Hexes
 - Level 13.0 Charms
 - Level 3.0 Air Magic


You had 25 spell levels left.
You knew the following spells:

 Your Spells              Type           Power        Failure   Level  Hunger
a - Ensorcelled Hibernat  Hex/Ice        ######       1%          2    None
b - Corona                Hex            ######.      0%          1    None
c - Confuse               Hex            ######..     0%          3    None
d - Tukima's Dance        Hex            ######..     0%          3    None
e - Dazzling Spray        Conj/Hex       ######       1%          3    None
f - Spectral Weapon       Hex/Chrm       ######..     0%          3    None
g - Silence               Hex/Air        ######....   1%          5    ##.....
h - Invisibility          Hex            ######..     1%          6    ####...
i - Deflect Missiles      Chrm/Air       #####.....   17%         6    ####...


Dungeon Overview and Level Annotations

Branches:
Dungeon (15/15)            Temple (1/1) D:5            Lair (6/6) D:9
 Shoals (4/4) Lair:2       Spider (4/4) Lair:3        Slime (0/5) Lair:5
    Orc (2/2) D:12            Elf (3/3) Orc:2        Vaults (3/5) D:13
  Crypt (0/3) Vaults:2     Depths (2/5) D:15

Altars:
Ashenzari
Cheibriados
Dithmenos
Elyvilon
Fedhas
Gozag
Hepliaklqana
Kikubaaqudgha
Makhleb
Nemelex Xobeh
Okawaru
Qazlal
Ru
Sif Muna
Trog
Uskayaw
Vehumet
Wu Jian
Xom
Yredelemnul
Zin
The Shining One
Beogh

Shops:
D:4 !   D:6 !*   D:8 !   Orc:1 :   Orc:2 (!?*   Elf:3 [   Vaults:1 }

Portals:
Hell: Depths:1
Ziggurat: Depths:1

Annotations:
Shoals:1 1 runed door


Innate Abilities, Weirdness & Mutations

You are very small and have problems with some larger weapons.
You are too small for most types of armour.
You have supernaturally acute eyesight. (SInv)
You are a herbivore.
You cover ground extremely quickly.
You need consume almost no food.
You have sharp toenails.
You are partially covered in yellow scales. (AC +2)
Your mind is acute. (Int +2)


Message History

* * * LOW HITPOINT WARNING * * *
You emit a cloud of dark smoke.
The deep elf blademaster completely misses you.
Blink to where?
Press: ? - help, Dir - move target cursor You are very lightly contaminated with residual magic.
As you read the scroll of blinking, it crumbles to dust.
Casting: Spectral Weapon
Confirm with . or Enter, or press ? or * to list all spells.
Aiming: Dazzling Spray
Press: ? - help, Shift-Dir - straight line, f - deep elf blademaster
Aim: a deep elf blademaster, wielding two rapiers and wearing a leather armour (severely wounded, umbra)
The spray of energy hits the deep elf blademaster.
The deep elf blademaster is severely wounded.
Your shadow mimicks your spell!
The shadow shard hits the deep elf blademaster.
The deep elf blademaster hits you with a rapier!
* * * LOW HITPOINT WARNING * * *
The deep elf blademaster hits you with a rapier!!
You die...

#.# #e# #.# #####
#)####### ###...###
#.§§§§§§# #.......#
###e§§§§#
##...))..#######§§§§§#
)'(.))...'....)'(....#
##.......#######@e...#
#.......# #######
###...### #####


You could see a deep elf blademaster, a deep elf annihilator and a friendly
spectral dagger.

Vanquished Creatures
  Boris (Vaults:3)
  Saint Roka (Vaults:1)
  Xtahua (Vaults:3)
  A tentacled monstrosity (Depths:2)
  A deep elf blademaster (Elf:3)
  3 deep elf master archers (Elf:3)
  The ghost of Serafim the Severer, an adept MiFi of Okawaru (Elf:2)
  Kirke (Elf:1)
  A sphinx (Depths:2)
  3 fire giants
  Donald (Elf:1)
  Ilsuiw (Shoals:4)
  A frost giant (D:15)
  3 ghost moths
  4 deep elf sorcerers
  6 vault wardens
  7 emperor scorpions
  A deep elf elementalist (Elf:2)
  5 ironheart preservers
  7 very ugly things
  3 entropy weavers
  6 stone giants
  A vampire knight (Depths:2)
  Nessos (D:15)
  3 deep elf demonologists (Elf:3)
  5 deep elf annihilators (Elf:3)
  7 merfolk impalers
  6 merfolk javelineers (Shoals:4)
  3 ettins
  2 jiangshi (Depths:1)
  3 fire dragons
  Snorg (D:10)
  A minotaur (Lab)
  3 deep elf death magi
  5 deep elf high priests (Elf:3)
  A great orb of eyes (Depths:1)
  7 yaktaur captains
  A rakshasa (Vaults:2)
  Erolcha (D:9)
  9 hydras
  5 ice dragons
  2 catoblepae
  6 vault guards
  3 merfolk avatars
  2 merfolk aquamancers
  13 centaur warriors
  37 two-headed ogres
  4 alligator snapping turtles
  33 dancing weapons
  A death knight (D:15)
  6 death yaks
  8 ogre magi
  2 deep troll earth magi
  A vampire mage (Depths:1)
  The ghost of newuser the Slicer, a journeyman KoHu (D:9)
  3 orc high priests (Orc:2)
  3 satyrs (Shoals:4)
  18 deep elf knights
  2 fire crabs (shapeshifter)
  3 skeletal warriors (D:13)
  A deep troll (shapeshifter) (Vaults:1)
  12 deep trolls
  6 sea snakes
  A glowing orange brain (Depths:1)
  6 wizards
  2 flayed ghosts (Vaults:2)
  An unseen horror (D:13)
  A lindwurm (shapeshifter) (Elf:3)
  12 harpies
  Pikel (D:5)
  16 deep elf archers
  6 ironbrand convokers
  A lindwurm (Lair:6)
  A mana viper (shapeshifter) (Vaults:3)
  An oklob plant (D:12)
  12 orc knights
  53 deep elf magi
  A necromancer (Vaults:3)
  7 orc sorcerers
  35 wolf spiders
  32 ugly things
  25 orb spiders
  13 manticores
  14 fauns
  5 moths of wrath
  8 cyclopes
  7 vault sentinels
  8 elephants
  3 centaur zombies
  3 water nymphs
  2 black mambas (Lair:6)
  10 merfolk sirens
  Joseph (D:8)
  The ghost of jotwebe the Cleaver, a novice HOMo of the Shining One (D:6)
  11 spiny frogs
  Psyche (D:8)
  4 gargoyles (Lab)
  A human zombie (Vaults:3)
  A rime drake (Lair:6)
  A yaktaur (shapeshifter) (Vaults:2)
  9 komodo dragons
  An efreet (D:15)
  A komodo dragon (shapeshifter) (Vaults:1)
  31 yaktaurs
  14 demonic crawlers
  27 merfolk
  A queen bee (shapeshifter) (Vaults:1)
  10 trolls
  6 wind drakes
  7 polar bears
  32 jumping spiders
  12 hornets
  A blink frog (shapeshifter) (D:15)
  14 dream sheep
  5 blink frogs (Lair:6)
  9 hippogriffs
  10 slime creatures
  15 snapping turtles
  A fire giant simulacrum (Vaults:3)
  A centaur simulacrum (D:15)
  3 air elementals
  13 spriggans
  A vampire (D:15)
  5 shadows
  2 wraiths
  11 wyverns
  13 water elementals
  39 tarantellas
  4 basilisks
  47 yaks
  80 redbacks
  A human (shapeshifter) (Elf:2)
  A yak (shapeshifter) (Depths:1)
  2 fire elementals (Elf:3)
  10 hungry ghosts
  Grum (D:8)
  A golden eye (shapeshifter) (Vaults:3)
  3 wargs
  A deep troll zombie (Vaults:3)
  3 acid dragons
  A harpy simulacrum (D:15)
  A soldier ant (D:10)
  9 porcupines
  16 water moccasins
  A sky beast (shapeshifter) (D:15)
  24 orc warriors
  3 eyes of draining
  6 ice beasts
  3 black bears
  5 phantoms
  32 ogres
  5 necrophages
  5 sky beasts
  A tengu (shapeshifter) (Vaults:2)
  41 wolves
  12 boggarts
  A human skeleton (Vaults:3)
  25 centaurs
  13 crocodiles
  A big kobold (D:13)
  A wyvern zombie (D:11)
  22 bullfrogs
  2 earth elementals (Elf:1)
  An elf simulacrum (Vaults:1)
  A wyvern skeleton (D:10)
  2 scorpions
  7 killer bees
  6 wights
  An orc simulacrum (Vaults:2)
  4 howler monkeys
  3 electric eels
  6 crimson imps
  6 hounds
  A quasit (D:8)
  15 orc priests
  3 bullfrog zombies
  3 jellies
  A bullfrog skeleton (D:4)
  Crazy Yiuf (D:6)
  19 orc wizards
  11 centaur skeletons
  7 iguanas
  Jessica (D:2)
  Ijyb (D:4)
  6 worker ants
  A hound zombie (D:10)
  3 hound skeletons
  2 howler monkey zombies (D:11)
  2 worker ant zombies
  9 adders
  2 shadow imps
  3 oozes (Lair:5)
  4 dart slugs
  5 leopard geckos
  53 orcs
  10 bats
  5 giant cockroaches
  4 goblins
  5 hobgoblins
  16 jackals
  5 quokkas
  2 ball pythons
  5 frilled lizards
  A jackal skeleton (D:5)
  11 kobolds
  A quokka zombie (D:5)
  7 rats
1539 creatures vanquished.

Vanquished Creatures (collateral kills)
  A deep troll earth mage (Depths:1)
  2 deep trolls (Depths:1)
  A wizard (Depths:1)
  An orc knight (Orc:2)
  A merfolk (Lair:2)
  3 wolves (Lair:3)
  A hound (Lair:3)
  An orc priest (D:8)
  3 orcs
14 creatures vanquished.

Vanquished Creatures (others)
  A vault warden (Vaults:3)
  A deep elf death mage (Elf:3)
  A rakshasa (Vaults:1)
  A glowing orange brain (Vaults:3)
  5 deep elf magi
  A merfolk siren (Shoals:4)
  3 yaktaurs
  A jumping spider (Vaults:1)
  A dancing weapon (Orc:2)
  5 humans (Elf:1)
  2 wargs
  An ogre (Vaults:3)
  3 boggarts (Vaults:3)
  3 centaurs
  A hound skeleton (D:5)
  An ooze (D:5)
  An orc (Vaults:1)
  2 leopard gecko zombies (D:5)
  10 bushes
  2 butterflies (Lair:5)
  11 fungi
  62 plants
119 creatures vanquished.

Grand Total: 1672 creatures vanquished

Notes
Turn   | Place    | Note
-------+----------+-------------------------------------------
     0 | D:1      | Argos the Spriggan Enchanter began the quest for the Orb.
     0 | D:1      | Reached XP level 1. HP: 9/9 MP: 5/5
   508 | D:1      | Reached XP level 2. HP: 4/13 MP: 6/6
   512 | D:1      | Learned a level 2 spell: Ensorcelled Hibernation
  1838 | D:2      | Found a white marble altar of Elyvilon.
  1850 | D:2      | Noticed Jessica
  1873 | D:2      | Killed Jessica
  1873 | D:2      | Reached XP level 3. HP: 16/16 MP: 3/9
  1892 | D:2      | Learned a level 3 spell: Confuse
  1896 | D:2      | Learned a level 3 spell: Tukima's Dance
  2882 | D:2      | Reached skill level 5 in Hexes
  2882 | D:2      | Reached XP level 4. HP: 15/21 MP: 11/11
  3358 | D:3      | Reached skill level 5 in Stealth
  3462 | D:3      | Reached skill level 6 in Stealth
  3462 | D:3      | Reached XP level 5. HP: 19/24 MP: 7/12
  4242 | D:4      | Learned a level 3 spell: Dazzling Spray
  4267 | D:4      | Noticed an ogre
  4301 | D:4      | Killed an ogre
  4301 | D:4      | Reached skill level 8 in Stealth
  4789 | D:4      | Reached XP level 6. HP: 28/28 MP: 13/13
  5025 | D:4      | Noticed Ijyb
  5027 | D:4      | Killed Ijyb
  5041 | D:4      | Found a deep blue altar of Sif Muna.
  5054 | D:4      | Found a basalt altar of Yredelemnul.
  5150 | D:4      | Found Coidiffe's Distillery.
  5161 | D:4      | Reached skill level 9 in Stealth
  5191 | D:4      | Bought 2 potions of heal wounds for 130 gold pieces
  5242 | D:4      | Reached skill level 10 in Stealth
  5247 | D:4      | Reached XP level 7. HP: 32/32 MP: 14/14
  5405 | D:4      | Found an ornate altar of the Wu Jian Council.
  5405 | D:4      | Found an opulent altar of Gozag.
  5491 | D:5      | Entered Level 5 of the Dungeon
  5505 | D:5      | Reached skill level 11 in Stealth
  5627 | D:5      | Found a shadowy altar of Dithmenos.
  5632 | D:5      | Became a worshipper of Dithmenos the Shadowed
  5665 | D:5      | Reached skill level 12 in Stealth
  6141 | D:5      | Noticed Pikel
  6196 | D:5      | Killed Pikel
  6196 | D:5      | Reached skill level 1 in Fighting
  6196 | D:5      | Reached skill level 5 in Spellcasting
  6196 | D:5      | Reached XP level 8. HP: 35/37 MP: 16/16
  6244 | D:5      | Reached skill level 13 in Stealth
  6594 | D:5      | Found a staircase to the Ecumenical Temple.
  6604 | Temple   | Entered the Ecumenical Temple
  6918 | D:6      | Found Cylif's Hallowed Reliquary.
  6918 | D:6      | Found a glowing silver altar of Zin.
  6918 | D:6      | Noticed an angel
  6948 | D:6      | Found Jigrimp's Distillery.
  6956 | D:6      | Bought a potion of invisibility for 120 gold pieces
  6999 | D:6      | Noticed jotwebe's ghost (novice HOMo)
  7028 | D:6      | Killed jotwebe's ghost
  7028 | D:6      | Reached skill level 5 in Dodging
  7366 | D:6      | Reached XP level 9. HP: 42/42 MP: 18/18
  7565 | D:6      | Reached * piety under Dithmenos
  7683 | D:6      | Found a glowing silver altar of Zin.
  7838 | D:6      | Found a runed door.
  7842 | D:6      | Noticed Crazy Yiuf
  7861 | D:6      | Killed Crazy Yiuf
  8255 | D:7      | Found an iron altar of Okawaru.
  8999 | D:7      | Got a translucent whip
  9000 | D:7      | Identified the +2 whip "Rienaf" {slash, rN+ Str+5 Dex+4} (You found it on level 7 of the Dungeon)
  9127 | D:7      | Found a deep blue altar of Sif Muna.
  9830 | D:8      | Noticed Joseph
  9847 | D:8      | Killed Joseph
  9847 | D:8      | Reached skill level 5 in Short Blades
  9847 | D:8      | Reached skill level 14 in Stealth
  9945 | D:8      | Reached XP level 10. HP: 49/49 MP: 21/21
  9968 | D:8      | Noticed Grum
 10005 | D:8      | Killed Grum
 10091 | D:8      | Reached ** piety under Dithmenos
 10224 | D:8      | Noticed Psyche
 10237 | D:8      | Killed Psyche
 10416 | D:8      | Found a sacrificial altar of Ru.
 10689 | D:8      | Found Oklag's Distillery.
 10898 | D:9      | Found a runed door.
 10898 | D:9      | Noticed a fire dragon
 10898 | D:9      | Noticed a fire dragon
 10904 | D:9      | Noticed an ice dragon
 10908 | D:9      | Noticed an ice dragon
 10909 | D:9      | Found a runed door.
 10957 | D:9      | Found a blossoming altar of Fedhas.
 10957 | D:9      | Found an ancient bone altar of Kikubaaqudgha.
 11035 | D:9      | Noticed an enchanted hand axe
 11037 | D:9      | Noticed a hand axe
 11039 | D:9      | Found a hide-covered altar of Uskayaw.
 11063 | D:9      | Noticed Erolcha
 11065 | D:9      | Killed Erolcha
 11229 | D:9      | Found a staircase to the Lair.
 11243 | D:9      | Noticed newuser's ghost (journeyman KoHu)
 11263 | D:9      | Killed newuser's ghost
 11789 | D:10     | Entered Level 10 of the Dungeon
 11844 | D:10     | Reached XP level 11. HP: 54/54 MP: 24/24
 12601 | D:10     | Noticed Snorg
 12602 | D:10     | Killed Snorg
 12602 | D:10     | Reached skill level 15 in Stealth
 12665 | D:10     | Noticed a two-headed ogre
 12670 | D:10     | Killed a two-headed ogre
 12670 | D:10     | Reached skill level 5 in Fighting
 12682 | D:10     | Noticed a six-headed hydra
 12725 | D:10     | Killed a six-headed hydra
 12844 | D:10     | Noticed a two-headed ogre
 12867 | D:10     | Killed a two-headed ogre
 12867 | D:10     | Reached skill level 10 in Dodging
 13288 | D:10     | Reached *** piety under Dithmenos
 14154 | D:11     | Found a blossoming altar of Fedhas.
 14256 | D:11     | Noticed a two-headed ogre
 14265 | D:11     | Killed a two-headed ogre
 14265 | D:11     | Reached skill level 10 in Hexes
 14385 | D:11     | Noticed a two-headed ogre
 14398 | D:11     | Killed a two-headed ogre
 14398 | D:11     | Reached XP level 12. HP: 60/60 MP: 26/26
 14868 | D:12     | Noticed a two-headed ogre
 14874 | D:12     | Killed a two-headed ogre
 14874 | D:12     | Reached skill level 16 in Stealth
 14914 | D:12     | Reached skill level 10 in Spellcasting
 15242 | D:12     | Found a glowing golden altar of the Shining One.
 15321 | D:12     | Reached **** piety under Dithmenos
 15444 | D:12     | Noticed a four-headed hydra
 15452 | D:12     | Killed a four-headed hydra
 15525 | D:12     | Found a staircase to the Orcish Mines.
 16078 | D:12     | Noticed an eight-headed hydra
 16081 | D:12     | Got a wizard robe
 16124 | D:12     | Killed an eight-headed hydra
 16141 | D:12     | Identified the +1 robe of the Kettle-Drum {rElec rF++ MP+9 Dex-2} (You found it on level 12 of the Dungeon)
 16326 | D:12     | Noticed a two-headed ogre
 16336 | D:12     | Killed a two-headed ogre
 16624 | D:13     | Found a labyrinth entrance.
 16668 | Lab      | Entered a labyrinth
 16925 | Lab      | Reached XP level 13. HP: 66/66 MP: 16/28
 16995 | Lab      | Noticed a minotaur
 17000 | Lab      | Killed a minotaur
 17348 | D:13     | Reached ***** piety under Dithmenos
 18040 | D:13     | Reached skill level 17 in Stealth
 18524 | D:13     | Found a gate to the Vaults.
 19102 | D:14     | Reached skill level 10 in Short Blades
 20428 | Lair:1   | Entered Level 1 of the Lair of Beasts
 21545 | D:9      | Reached XP level 14. HP: 72/72 MP: 31/31
 22343 | Lair:2   | Found a staircase to the Shoals.
 22769 | Lair:2   | Reached skill level 18 in Stealth
 22904 | Lair:2   | Learned a level 3 spell: Spectral Weapon
 23623 | Lair:3   | Found a hole to the Spider Nest.
 24096 | Lair:3   | Got a glittering lapis lazuli ring
 24097 | Lair:3   | Identified the ring of Yjour {rN+ MR++ SInv} (You found it on level 3 of the Lair of Beasts)
 25711 | Lair:5   | Found a staircase to the Slime Pits.
 27557 | Lair:6   | Entered Level 6 of the Lair of Beasts
 27861 | Lair:6   | Gained mutation: You tend to lose your temper in combat. [potion of mutation]
 27861 | Lair:6   | Gained mutation: You are agile. (Dex +2) [potion of mutation]
 27861 | Lair:6   | Gained mutation: You are very agile. (Dex +4) [potion of mutation]
 27862 | Lair:6   | Lost mutation: You are very agile. (Dex +4) [potion of mutation]
 27862 | Lair:6   | Lost mutation: You tend to lose your temper in combat. [potion of mutation]
 27862 | Lair:6   | Lost mutation: You are agile. (Dex +2) [potion of mutation]
 27862 | Lair:6   | Gained mutation: You possess an exceptional clarity of mind. [potion of mutation]
 27862 | Lair:6   | Gained mutation: You are occasionally teleported next to monsters. [potion of mutation]
 27862 | Lair:6   | Gained mutation: Your mind is acute. (Int +2) [potion of mutation]
 28185 | Lair:6   | Reached ****** piety under Dithmenos
 28680 | Lair:6   | Reached XP level 15. HP: 60/78 MP: 10/32
 30572 | Orc:1    | Entered Level 1 of the Orcish Mines
 30583 | Orc:1    | Found Camie's Book Boutique.
 30599 | Orc:1    | Bought a book of Party Tricks for 700 gold pieces
 30660 | Orc:1    | Learned a level 6 spell: Invisibility
 30774 | Orc:1    | Found a roughly hewn altar of Beogh.
 31345 | Orc:1    | Reached skill level 19 in Stealth
 31423 | Orc:1    | Reached skill level 15 in Dodging
 31764 | Orc:2    | Entered Level 2 of the Orcish Mines
 31848 | Orc:2    | Found a staircase to the Elven Halls.
 31929 | Orc:2    | Found a bloodstained altar of Trog.
 32254 | Orc:2    | Found Ifyvef's Weapon Boutique.
 32741 | Orc:2    | Found Toucridgh's Distillery.
 32742 | Orc:2    | Found Ufuddam's General Store.
 32765 | Orc:2    | Found Eneik's Magic Scroll Shoppe.
 33629 | Orc:2    | Bought a potion of mutation for 80 gold pieces
 33631 | Orc:2    | Lost mutation: You possess an exceptional clarity of mind. [potion of mutation]
 33631 | Orc:2    | Lost mutation: Your mind is acute. (Int +2) [potion of mutation]
 33631 | Orc:2    | Lost mutation: You are occasionally teleported next to monsters. [potion of mutation]
 33631 | Orc:2    | Gained mutation: You expend magic power (3 MP) to strengthen your wands. [potion of mutation]
 33631 | Orc:2    | Gained mutation: Your muscles are strong. (Str +2) [potion of mutation]
 33631 | Orc:2    | Gained mutation: You have a pair of small horns on your head. [potion of mutation]
 33643 | Orc:2    | Bought a scroll of acquirement for 832 gold pieces
 33716 | Elf:1    | Entered Level 1 of the Elven Halls
 33716 | Elf:1    | Noticed Kirke
 33718 | Elf:1    | Killed Kirke
 33743 | Elf:1    | Noticed Donald
 33745 | Elf:1    | Killed Donald
 35362 | Elf:1    | Reached XP level 16. HP: 61/85 MP: 35/35
 35788 | D:15     | Entered Level 15 of the Dungeon
 35825 | D:15     | Reached skill level 10 in Fighting
 35926 | D:15     | Noticed Nessos
 35936 | D:15     | Killed Nessos
 36383 | D:15     | Reached skill level 20 in Stealth
 37669 | D:15     | Found a staircase to the Depths.
 37707 | Depths:1 | Entered Level 1 of the Depths
 38396 | Depths:1 | Reached skill level 15 in Hexes
 38893 | Depths:1 | Reached skill level 15 in Spellcasting
 39092 | Depths:1 | Reached XP level 17. HP: 69/90 MP: 31/37
 39406 | Depths:1 | Found a gateway to a ziggurat.
 40056 | Depths:1 | Reached skill level 21 in Stealth
 40231 | Depths:1 | Found a gateway to Hell.
 40286 | Depths:2 | Identified Sif Muna's Disquisition on Curses and Transformation
 40302 | Depths:2 | Got an ichor-stained dagger
 40553 | Depths:2 | Identified Lexkig's Collected Works on Glacial Poisoning
 40555 | Depths:2 | Identified A Thorough Guide to Witchcraft
 40557 | Depths:2 | Identified the +7 dagger of Outrage {distort, SInv} (You found it on level 2 of the Depths)
 40560 | Depths:2 | Noticed a tentacled monstrosity
 40563 | Depths:2 | Killed a tentacled monstrosity
 40656 | D:15     | Upgraded the game from 0.21-a0-111-g52d2817 to 0.21-a0-125-gb006224
 40947 | Spider:1 | Entered Level 1 of the Spider Nest
 41156 | Spider:1 | Learned a level 5 spell: Silence
 41163 | Spider:1 | Learned a level 6 spell: Deflect Missiles
 41206 | Spider:1 | Reached skill level 1 in Charms
 43401 | Spider:3 | Reached XP level 18. HP: 96/96 MP: 36/38
 43781 | Spider:3 | Reached skill level 5 in Charms
 44873 | Spider:4 | Entered Level 4 of the Spider Nest
 46385 | Spider:4 | Gained mutation: You occasionally shout uncontrollably at your foes. [mutagenic glow]
 46577 | Spider:4 | Lost mutation: You occasionally shout uncontrollably at your foes. [potion of mutation]
 46577 | Spider:4 | Lost mutation: Your muscles are strong. (Str +2) [potion of mutation]
 46577 | Spider:4 | Lost mutation: You have a pair of small horns on your head. [potion of mutation]
 46577 | Spider:4 | Lost mutation: You expend magic power (3 MP) to strengthen your wands. [potion of mutation]
 46577 | Spider:4 | Gained mutation: You occasionally shout uncontrollably at your foes. [potion of mutation]
 46577 | Spider:4 | Gained mutation: Your mind is acute. (Int +2) [potion of mutation]
 46887 | Orc:2    | Bought a potion of mutation for 112 gold pieces
 47133 | D:6      | Bought a potion of mutation for 120 gold pieces
 47133 | D:6      | Bought a potion of heal wounds for 75 gold pieces
 47196 | D:4      | Bought a potion of mutation for 104 gold pieces
 47196 | D:4      | Lost mutation: Your mind is acute. (Int +2) [potion of mutation]
 47196 | D:4      | Lost mutation: You occasionally shout uncontrollably at your foes. [potion of mutation]
 47196 | D:4      | Gained mutation: You can translocate small distances at will. [potion of mutation]
 47196 | D:4      | Gained mutation: Your spells are a little easier to cast, but a little less powerful. [potion of mutation]
 47196 | D:4      | Gained mutation: You have sharp toenails. [potion of mutation]
 47197 | D:4      | Lost mutation: You have sharp toenails. [potion of mutation]
 47197 | D:4      | Lost mutation: Your spells are a little easier to cast, but a little less powerful. [potion of mutation]
 47197 | D:4      | Lost mutation: You can translocate small distances at will. [potion of mutation]
 47197 | D:4      | Gained mutation: You are frail. (-10% HP) [potion of mutation]
 47197 | D:4      | Gained mutation: Your flesh is cold resistant. (rC+) [potion of mutation]
 47197 | D:4      | Gained mutation: Your muscles are strong. (Str +2) [potion of mutation]
 47199 | D:4      | Lost mutation: Your flesh is cold resistant. (rC+) [potion of mutation]
 47199 | D:4      | Lost mutation: Your muscles are strong. (Str +2) [potion of mutation]
 47199 | D:4      | Lost mutation: You are frail. (-10% HP) [potion of mutation]
 47199 | D:4      | Gained mutation: Your flesh is cold resistant. (rC+) [potion of mutation]
 47199 | D:4      | Gained mutation: Your muscles are strong. (Str +2) [potion of mutation]
 47656 | Spider:4 | Reached skill level 22 in Stealth
 48249 | Spider:4 | Got a gossamer rune of Zot
 48798 | Shoals:1 | Entered Level 1 of the Shoals
 48921 | Shoals:1 | Found a runed door.
 48981 | Shoals:1 | Reached skill level 1 in Air Magic
 51348 | Shoals:3 | Reached XP level 19. HP: 102/102 MP: 37/40
 52110 | Shoals:4 | Entered Level 4 of the Shoals
 52129 | Shoals:4 | Noticed Ilsuiw
 52152 | Shoals:4 | Killed Ilsuiw
 53161 | Shoals:4 | Got a barnacled rune of Zot
 53183 | Shoals:4 | Identified the Grimoire of Venom
 54448 | D:9      | Reached skill level 10 in Charms
 54894 | Vaults:1 | Entered Level 1 of the Vaults
 55224 | Vaults:1 | Found Puufer's Gadget Boutique.
 56518 | Vaults:1 | Noticed Saint Roka
 56553 | Vaults:1 | Killed Saint Roka
 56553 | Vaults:1 | Reached skill level 23 in Stealth
 59742 | Vaults:2 | Reached XP level 20. HP: 107/107 MP: 29/42
 61130 | Vaults:2 | Found a staircase to the Crypt.
 61130 | Vaults:2 | Found a basalt altar of Yredelemnul.
 61130 | Vaults:2 | Found an ancient bone altar of Kikubaaqudgha.
 61717 | Vaults:3 | Noticed Boris
 61720 | Vaults:3 | Killed Boris
 62694 | Vaults:3 | Noticed Xtahua
 62736 | Vaults:3 | Killed Xtahua
 63050 | Vaults:3 | Gained mutation: You occasionally shout uncontrollably at your foes. [mutagenic glow]
 64777 | Elf:2    | Lost mutation: Your muscles are strong. (Str +2) [potion of mutation]
 64777 | Elf:2    | Lost mutation: You occasionally shout uncontrollably at your foes. [potion of mutation]
 64777 | Elf:2    | Lost mutation: Your flesh is cold resistant. (rC+) [potion of mutation]
 64777 | Elf:2    | Gained mutation: You are partially covered in yellow scales. (AC +2) [potion of mutation]
 64777 | Elf:2    | Gained mutation: You have sharp toenails. [potion of mutation]
 64777 | Elf:2    | Gained mutation: Your mind is acute. (Int +2) [potion of mutation]
 65604 | Elf:2    | Reached skill level 24 in Stealth
 65612 | Elf:2    | Found a huge runed gate.
 65612 | Elf:2    | Found a huge runed gate.
 65613 | Elf:2    | Found a huge runed gate.
 65614 | Elf:2    | Found a huge runed gate.
 65620 | Elf:2    | Found a huge runed gate.
 66064 | Elf:2    | Reached XP level 21. HP: 113/113 MP: 44/44
 66118 | Elf:2    | Noticed Serafim's ghost (adept MiFi)
 66134 | Elf:2    | Killed Serafim's ghost
 66477 | Elf:3    | Entered Level 3 of the Elven Halls
 66479 | Elf:3    | Found Zusy's Armour Shoppe.
 69430 | Elf:3    | Got a scintillating ruby amulet
 69431 | Elf:3    | Identified the amulet of Zanneep {rN+ Regen+ Str+4 Stlth-} (You took it off a deep elf high priest on level 3 of the Elven Halls)
 70243 | Elf:3    | Mangled by a deep elf blademaster

Vault maps used:
D:1:      scummos_arrival_forest
D:2:      lemuel_crystal_altar, first_bread, st_stairs_11, uniq_jessica
D:4:      yredelemnul_altar_generic, gammafunk_temple_overflow_forgotten,
          serial_shops, shop, uniq_ijyb
D:5:      grunt_dithmenos_smoke_and_mirrors, temple_statues,
          minmay_misc_feat_ornament, uniq_pikel
D:6:      black_bear_nest_1, zin_treasury, serial_shops, shop,
          nicolae_good_shop, uniq_crazy_yiuf_cottage
D:7:      kennysheep_spiral_hall, okawaru_ov_weapons_minmay, led_sif_pool
D:8:      basic_altar, serial_shops, shop, the_bakery, uniq_grum, uniq_joseph,
          uniq_psyche
D:9:      grunt_temple_overflow_growth_and_decay, dancing_weapons_uskayaw,
          dpeg_oklobed_lair, corexii_corridor_pit,
          minmay_guarded_unrand_resistance, uniq_erolcha
D:10:     st_stairs_5, uniq_snorg
D:11:     fedhas_altar_decomposition
D:12:     orc_0_dummy, lemuel_oklob_altar
D:13:     david_vaults_5, lab_entry_generic
D:14:     minmay_holes, hangedman_abyss_or_decor_stagger, lemuel_flamethrower_1
D:15:     grunt_enter_depths_snipers, serial_park_gazebo,
          lightli_corner_chamber, uniq_nessos
Temple:   minmay_temple_curvy_loop
Lair:1:   serial_bayou_pond_d, grunt_megastairs_1, serial_bayou_shore_b,
          serial_bayou_shore_a
Lair:2:   elwin_shoals_entry_stream
Lair:3:   beast_lair_carwin_large_2, spider_nest_entry_funnel_web,
          lemuel_fruit_tree
Lair:4:   serial_bayou_lagoon_a, grunt_megastairs_4
Lair:5:   nicolae_slime_entry_slimehenge, st_stairs_5, patterned_corridor,
          grunt_megastairs_2, lemuel_fruit_fields
Lair:6:   minmay_lair_end_enchanted_forest
Shoals:1: lightli_airlock
Shoals:4: shoals_end_grunt_garden, shoals_ilsuiw_ice
Spider:2: nicolae_orb_island
Spider:4: grunt_spider_rune_circles, guppyfry_spider_mini_2
Orc:1:    serial_shops, nicolae_shop_trees, nicolae_orc_jurassic_orc,
          mines1_david
Orc:2:    st_orc_elflike, basic_altar, nicolae_orc_rockfall
Elf:1:    minivault_28, uniq_kirke, uniq_donald
Elf:3:    minmay_elf_hall_hex, serial_shops, nicolae_shop_crystal
Vaults:1: vaults_dpeg_ring, nicolae_vaults_little_squares_5,
          hangedman_vaults_impose, vaults_room_semicircle, v_rooms_3,
          nicolae_vaults_gold_heap, vaults_room_pool, vaults_room_fours,
          nicolae_vaults_yaktaur_gun_rack, serial_shops, shop_coins,
          serial_glass, uniq_saint_roka
Vaults:2: hangedman_vaults_unwind, minmay_crypt_entry_necro_gods,
          ontoclasm_vaults_fault, ontoclasm_vaults_gateway, v_misc_29,
          nicolae_vaults_circle_grid_a, nicolae_vaults_circle_grid_b, v_misc_5
Vaults:3: v_misc_9, v_misc_18, nicolae_vaults_big_angled_halls, v_pattern_1,
          nicolae_vaults_network_square, vaults_room_semicircle,
          nicolae_vaults_sealed_display, hangedman_vaults_hat,
          nicolae_vaults_little_squares_1, nicolae_vaults_murderbox,
          ontoclasm_vaults_ring_square, vaults_dpeg_encased_lava,
          vaults_room_semicircle, uniq_xtahua, uniq_boris
Depths:1: enter_ziggurat_b, hangedman_decor_push, hell_entry,
          lemuel_flame_loot_1
Depths:2: minmay_the_grid_octo_triangle, abyss_entry_crystal,
          infiniplex_staircase_spiral_double, hell_entry, uniq_aizul
Lab:      lab_hedge, nicolae_lab_dead_end, labyrinth_skeletal_remains,
          nicolae_lab_big_swirl, nicolae_lab_hexagon, nicolae_lab_starburst

Skill      XL: |  1  2  3  4  5  6  7  8  9 10 11 12 13 14 15 16 17 18 19 20 21 |
---------------+----------------------------------------------------------------+-----
Hexes          | 4 5 6 7 8 10 11 12 13 14 15 16 17 18 | 18.8
Spellcasting   | 3 4 5 7 8 9 10 12 14 15 16 17 18 | 18.9
Stealth        | 6 8 10 12 13 14 15 16 17 18 19 20 21 22 23 24 | 24.5
Fighting       | 1 2 3 4 5 6 7 8 9 10 11 12 13 | 13.4
Short Blades   | 2 3 5 6 8 9 10 11 12 13 14 | 14.0
Dodging        | 4 5 7 9 10 12 13 14 15 16 17 18 19 20 21 | 21.1
Charms         | 4 8 11 12 13 | 13.0
Air Magic      | 2 3 |  3.0

Action                   |  1- 3 |  4- 6 |  7- 9 | 10-12 | 13-15 | 16-18 | 19-21 || total
-------------------------+-------+-------+-------+-------+-------+-------+-------++-------
Melee: Dagger            |   103 |    72 |   162 |   491 |   961 |  1172 |  1149 ||  4110
       Headbutt          |       |       |       |       |    11 |   144 |       ||   155
       Kick              |       |       |       |       |       |       |    44 ||    44
 Cast: Corona            |     8 |       |       |       |       |       |       ||     8
       Ensorcelled Hiber |    24 |    20 |    27 |    37 |   224 |    84 |    91 ||   507
       Confuse           |       |     6 |    14 |    89 |    96 |    63 |    85 ||   353
       Dazzling Spray    |       |     1 |       |    19 |    94 |    55 |    99 ||   268
       Tukima's Dance    |       |       |       |     3 |     6 |       |       ||     9
       Invisibility      |       |       |       |       |     9 |    38 |    49 ||    96
       Silence           |       |       |       |       |       |     1 |       ||     1
       Deflect Missiles  |       |       |       |       |       |       |     2 ||     2
       Spectral Weapon   |       |       |       |       |       |       |     3 ||     3
Invok: Shadow Step       |       |       |       |       |     7 |     8 |     4 ||    19
Evoke: Wand              |       |       |       |       |     2 |       |       ||     2
  Use: Potion            |     2 |     1 |       |     1 |     4 |    20 |    15 ||    43
       Scroll            |     6 |     5 |     5 |    13 |    19 |     7 |    17 ||    72
 Stab: Sleeping          |    18 |    19 |    49 |    69 |   214 |   197 |   136 ||   702
       Confused          |       |     3 |    10 |    66 |    47 |    30 |    45 ||   201
       Distracted        |       |     1 |       |     2 |    11 |     8 |     4 ||    26
       Invisible         |       |       |       |     6 |    75 |   205 |   194 ||   480
  Eat: Fruit             |     1 |       |       |     1 |    11 |     4 |     1 ||    18
       Bread ration      |       |     1 |       |       |     1 |     3 |     5 ||    10
       Royal jelly       |       |       |     4 |     2 |     2 |     3 |     2 ||    13
Armor: Robe              |    19 |    11 |    12 |    17 |    54 |    34 |    22 ||   169
       Skin              |     9 |       |       |       |       |       |       ||     9
Dodge: Dodged            |   106 |    70 |    91 |   289 |   880 |  1087 |   739 ||  3262
       Deflected         |       |       |       |       |       |       |     5 ||     5
Block: Other             |       |       |       |       |   118 |   134 |    84 ||   336
       Reflection        |       |       |       |       |     9 |     6 |    10 ||    25
